Map: Finsterer Dschungel

Players

Prest

  • Race: Zerg Zerg
  • League: Gold
  • Spawn Location: 5:00

Raunchy

  • Race: Terran Terran
  • League: Silver
  • Spawn Location: 7:00

RiseAgainst - Winner!

  • Race: Terran Terran
  • League: Diamond
  • Spawn Location: 11:00

Panda - Winner!

  • Race: Zerg Zerg
  • Spawn Location: 1:00

VOD

Have the link to the VOD?

Description

Time

  • Played on: Aug. 27, 2017, 7:34 a.m.
  • Length: 9:55
Show
View Real Time Build Order
Export as new Build Order

Prest Zerg 

Build Orders: Hatch First, Zergling Baneling 

Get SALT Encoding   

  12  0:01  Drone  
  13  0:08  Drone  
  14  0:19  Overlord  
  14  0:37  Drone x2  
  14  0:38  Drone  
  17  0:56  Hatchery  
  16  1:00  Extractor, Drone  
  16  1:03  Drone  
  17  1:19  Spawning Pool  
  17  1:20  Drone  
  17  1:25  Drone  
  18  1:36  Drone  
  19  1:45  Drone  
  20  1:53  Overlord  
  20  2:05  Queen  
  20  2:07  Metabolic Boost  
  22  2:09  Queen  
  22  2:13  Zergling x2  
  25  2:16  Zergling x2  
  26  2:24  Baneling Nest  
  25  2:30  Zergling x4  
  25  2:33  Zergling x2  
  28  2:39  Zergling x4  
  30  2:49  Zergling x2  
  30  2:50  Zergling x2  
  32  2:57  Zergling x2  
  33  3:08  Zergling x4  
  33  3:10  Baneling x2  
  33  3:11  Baneling x3  
  35  3:23  Overlord  
  35  3:24  Overlord  
  31  3:54  Zergling x6  
  31  3:55  Zergling x12  
  37  3:56  Zergling x4  
  34  4:06  Zergling x6  
  37  4:20  Zergling x4  
  37  4:36  Zergling x2  
  37  4:37  Zergling x12  
  37  4:39  Zergling x2  
  35  4:54  Baneling x4  
  35  4:55  Baneling  
  35  4:56  Zergling x4  
  35  4:58  Zergling x2  
  38  5:01  Zergling x2  
  36  5:34  Zergling x6  
  36  5:35  Zergling x10  
  36  5:59  Zergling x10  
  36  6:18  Zergling x6  
  33  6:37  Zergling x4  
  33  6:38  Zergling x12  
  33  6:39  Zergling x2  
  39  6:44  Baneling x4  
  39  6:45  Baneling x2  
  39  6:51  Zergling x4  
  26  7:31  Zergling x6  
  26  7:32  Zergling x14  
  26  7:33  Zergling x4  
  36  7:52  Zergling x4  
  37  8:10  Zergling x4  
  37  8:11  Zergling x10  
  40  8:25  Baneling  
  40  8:33  Zergling x2  
  40  8:34  Zergling x8  
  35  8:39  Baneling x2  
  35  8:40  Baneling x6  
  35  8:41  Baneling  
  35  8:49  Zergling x4  
  37  9:01  Zergling x2  
  37  9:02  Zergling x4  
  40  9:13  Zergling x4  
Show
View Real Time Build Order
Export as new Build Order

Raunchy Terran 

Build Orders:  

Get SALT Encoding   

  12  0:01  SCV  
  13  0:13  SCV  
  14  0:20  Supply Depot  
  14  0:25  SCV  
  15  0:39  Supply Depot  
  15  0:41  SCV  
  16  0:50  Barracks  
  16  0:53  SCV  
  17  1:05  Barracks  
  17  1:12  SCV  
  18  1:22  Barracks  
  18  1:36  Barracks, Marine  
  19  1:45  Orbital Command  
  19  1:51  Marine  
  20  1:55  Marine  
  21  2:09  Marine x2  
  21  2:13  Marine  
  24  2:22  Supply Depot  
  24  2:23  Marine  
  24  2:26  Marine  
  24  2:27  Marine  
  25  2:31  Marine  
  24  2:45  Supply Depot  
  24  2:48  Supply Depot  
  24  3:02  Marine x2  
  24  3:03  Marine x2  
  28  3:20  Marine x4  
  32  3:38  Marine x4  
  36  3:56  Marine x4  
  30  4:13  Marine  
  30  4:14  Marine x3  
  30  4:31  Marine x2  
  30  4:32  Marine x2  
  33  4:49  Marine x3  
  33  4:50  Marine  
  36  5:07  Marine x4  
  40  5:25  Marine x4  
  44  5:42  Marine  
  44  5:43  Marine x3  
  35  6:00  Marine x2  
  35  6:01  Marine x2  
  25  6:18  Marine x3  
  25  6:19  Marine  
  25  6:36  Marine x4  
  25  6:38  Barracks  
  29  6:54  Marine x4  
  22  7:12  Marine x4  
  26  7:29  Marine  
  26  7:30  Marine x3  
  30  7:47  Marine x3  
  30  7:48  Marine x2  
  35  8:05  Marine x5  
  40  8:23  Marine x5  
  29  8:40  Marine  
  29  8:41  Marine x4  
  34  8:58  Marine x2  
  34  8:59  Marine x3  
  39  9:07  Command Center  
  39  9:16  Marine x3  
  39  9:17  Marine x2  
  44  9:34  Marine x4  
  44  9:35  Marine  
Show
View Real Time Build Order
Export as new Build Order

RiseAgainst Terran - Winner!

Build Orders: Hellion Opening, Reaper Expand, MMM Bio 

Get SALT Encoding   

  12  0:00  SCV  
  13  0:13  SCV  
  14  0:18  Supply Depot  
  14  0:26  SCV  
  15  0:39  SCV  
  15  0:41  Barracks  
  16  0:46  Refinery  
  16  0:52  SCV  
  17  1:04  SCV  
  18  1:17  SCV  
  19  1:29  Orbital Command  
  19  1:30  Reaper  
  20  1:44  Command Center  
  20  1:55  SCV  
  21  2:07  Factory  
  21  2:08  Marine  
  22  2:10  SCV  
  23  2:17  Supply Depot  
  23  2:31  Barracks Reactor  
  23  2:36  Refinery  
  23  2:38  Supply Depot  
  23  2:39  SCV  
  23  2:43  Barracks  
  24  2:51  SCV  
  25  3:01  Orbital Command  
  25  3:03  SCV  
  26  3:16  Hellion x2  
  26  3:18  SCV, Barracks Tech Lab  
  30  3:27  SCV  
  30  3:30  Marine, SCV  
  33  3:37  Hellion  
  33  3:38  Hellion  
  33  3:40  SCV  
  38  3:58  Marine  
  38  3:59  Hellion x2  
  43  4:09  Marine  
  44  4:10  Stimpack  
  44  4:11  SCV  
  44  4:14  Factory  
  45  4:20  Hellion  
  37  4:41  Hellion  
  37  4:42  Marine x2, Hellion  
  40  5:00  Barracks x2  
  40  5:01  Barracks  
  40  5:02  Hellion  
  40  5:03  Hellion  
  40  5:04  SCV x2  
  40  5:05  Supply Depot x2  
  46  5:07  Marine  
  46  5:08  Marine  
  48  5:17  SCV  
  48  5:18  SCV  
  50  5:23  Hellion  
  50  5:24  Hellion  
  50  5:26  Marine  
  51  5:36  SCV x2  
  51  5:41  Marine  
  54  5:44  Factory Tech Lab  
  54  5:45  Hellion  
  54  5:46  Hellion  
  54  5:48  Starport  
  58  6:06  Hellion  
  58  6:07  SCV x2, Hellion  
  59  6:19  SCV  
  56  6:27  Barracks Reactor  
  56  6:28  Barracks Reactor x2  
  56  6:29  Barracks Reactor, Starport Reactor  
  56  6:39  SCV x2  
  56  6:50  Engineering Bay  
  56  6:51  Engineering Bay  
  54  6:56  Refinery x2  
  54  6:59  Command Center  
  46  7:28  Marine x4  
  46  7:29  Marine x4  
  54  7:30  Medivac x2  
  54  7:35  SCV  
  54  7:36  Combat Shields, SCV  
  54  7:37  Marine  
  54  7:42  Siege Tank  
  58  7:46  Marine  
  58  7:48  Supply Depot x2, SCV x2  
  58  7:49  Factory Tech Lab  
  58  7:50  Terran Infantry Weapons Level 1  
  58  7:51  Terran Infantry Armor Level 1  
  61  7:53  Marine x2  
  61  7:54  Marine x5  
  68  8:00  Supply Depot, SCV x2  
  70  8:08  Medivac  
  70  8:10  Medivac  
  74  8:18  Orbital Command  
  74  8:19  Marine x2  
  76  8:35  Marine x3, Marauder  
  76  8:36  Marine x2  
  76  8:37  Siege Tank  
  76  8:38  SCV x2  
  88  8:43  Orbital Command  
  88  8:47  Siege Tank  
  91  8:54  Armory  
  91  8:55  SCV  
  92  9:05  Medivac x2, Marine x5  
  92  9:06  Marine x3  
  92  9:07  Marine  
  92  9:09  SCV  
  106  9:10  SCV  
  107  9:17  Siege Tank  
  110  9:25  Marine x3  
  110  9:26  Marine x3  
  117  9:53  Supply Depot  
  117  9:54  Supply Depot  
Show
View Real Time Build Order
Export as new Build Order

Panda Zerg - Winner!

Build Orders: Hatch First 

Get SALT Encoding   

  12  0:02  Drone  
  13  0:18  Drone  
  13  0:20  Overlord  
  14  0:38  Drone x2  
  14  0:40  Drone  
  17  0:51  Drone  
  18  1:01  Drone  
  18  1:02  Hatchery  
  18  1:13  Drone  
  19  1:22  Spawning Pool  
  19  1:25  Drone  
  19  1:26  Extractor  
  18  1:34  Drone  
  19  1:46  Drone  
  20  2:00  Drone  
  21  2:12  Queen  
  21  2:13  Hatchery  
  22  2:16  Drone  
  22  2:17  Queen  
  25  2:26  Overlord  
  26  2:34  Overlord  
  26  2:35  Metabolic Boost  
  26  2:39  Drone x2  
  28  2:44  Overlord  
  28  2:47  Zergling x2  
  29  2:54  Overlord  
  29  3:06  Drone  
  29  3:07  Drone x2  
  29  3:09  Spine Crawler, Drone  
  32  3:17  Zergling x2  
  32  3:19  Zergling x2  
  34  3:36  Zergling x10  
  34  3:37  Zergling x6  
  35  3:53  Zergling x6  
  32  4:04  Zergling x10  
  35  4:17  Zergling x4  
  35  4:20  Drone  
  32  4:48  Zergling x10  
  35  4:55  Spine Crawler x2  
  35  4:56  Zergling x6  
  35  4:57  Zergling x2  
  37  5:04  Queen  
  39  5:09  Zergling x4  
  39  5:12  Queen  
  35  5:29  Zergling x10  
  35  5:30  Zergling x2  
  40  5:40  Zergling x8  
  32  5:58  Zergling x6  
  32  5:59  Zergling x2  
  33  6:10  Zergling x8  
  37  6:11  Spine Crawler  
  37  6:15  Spine Crawler  
  37  6:16  Spine Crawler  
  37  6:17  Drone x3  
  37  6:47  Drone x3  
  37  6:48  Drone x6  
  37  6:50  Queen  
  37  6:51  Queen  
  49  6:59  Drone x2  
  40  7:32  Zergling x14  
  40  7:36  Queen  
  49  7:41  Spine Crawler  
  48  7:45  Evolution Chamber  
  48  7:46  Evolution Chamber  
  46  7:53  Baneling Nest  
  46  7:58  Zergling x8  
  46  7:59  Zergling x6  
  51  8:10  Hatchery  
  50  8:15  Drone  
  51  8:44  Baneling x2  
  51  8:45  Baneling  
  51  8:46  Baneling  
  51  8:53  Overlord, Drone  
  51  8:54  Overlord x2  
  52  8:57  Extractor  
  52  8:58  Extractor  
  50  9:23  Drone x6  
  56  9:25  Drone x6  
  56  9:27  Extractor  
  56  9:31  Zergling x8  
Tags
 
Add a new tag
Caveats
  • Supply blocks, unpowered buildings, or Contaminate may cause inaccurate times.
  • Supply counts are checked every 10 seconds.